 Dungeon Crawl Stone Soup version 0.15.0-23-gc2b521c (webtiles) character file.

86 Johnny the Firebug (level 4, -5/33 HPs)
             Began as a Demigod Fire Elementalist on Sept 9, 2014.
             Slain by a gnoll
             ... wielding a +0 flail
              (8 damage)
             ... on Level 1 of the Dungeon.
             The game lasted 00:04:58 (2301 turns).

Johnny the Firebug (Demigod Fire Elementalist)      Turns: 2301, Time: 00:04:59

HP  -5/33        AC  6     Str 12      XL: 4   Next:  6%
MP   1/11        EV  8     Int 20      God:
Gold 83          SH  4     Dex 17      Spells:  2 memorised,  5 levels left

rFire  . . .     SeeInvis .     j - +1 short sword (venom)
rCold  . . .     Clarity  .     i - +0 ring mail
rNeg   . . .     rCorr    .     e - +0 buckler
rPois  .         rRot     .     (no helmet)
rElec  .         Spirit   .     (no cloak)
SustAb .         Warding  .     f - +0 pair of gloves
rMut   .         Stasis   .     (no boots)
Gourm  .                        (no amulet)
MR     .....                    (no ring)
                                (no ring)

@: very slightly contaminated, not resistant to hostile enchantments, unstealthy
A: no striking features
a: no special abilities


You were on level 1 of the Dungeon.
You were not hungry.

You visited 1 branch of the dungeon, and saw 2 of its levels.

You collected 83 gold pieces.

Inventory:

Hand weapons
 g - a +0 mace
 j - a +1 short sword of venom (weapon)
Armour
 e - a +0 buckler (worn)
 f - a +0 pair of gloves (worn)
 i - a +0 ring mail (worn)
Comestibles
 c - a meat ration
 k - 2 slices of pizza
Potions
 a - a potion of magic {unknown}
 h - 2 potions of curing {unknown}
Books
 b - a book of Flames

   Spells                             Type                      Level
   *Flame Tongue                      Conjuration/Fire             1
   *Throw Flame                       Conjuration/Fire             2
   Conjure Flame                      Conjuration/Fire             3
   Inner Flame                        Hexes/Fire                   3
   Sticky Flame                       Conjuration/Fire             4
   Fireball                           Conjuration/Fire             5


   Skills:
 + Level 1.0 Armour
 + Level 2.2 Dodging
 + Level 2.2 Stealth
 * Level 2.5 Spellcasting
 + Level 1.7 Conjurations
 + Level 2.9 Fire Magic


You had 5 spell levels left.
You knew the following spells:

 Your Spells              Type           Power        Failure   Level  Hunger
a - Throw Flame           Conj/Fire      ##....       34%         2    ##.....
f - Flame Tongue          Conj/Fire      ##...        24%         1    None


Dungeon Overview and Level Annotations

Branches:
Dungeon (2/15)


Message History

Aim: a gnoll, wielding a flail (almost dead)
The flame tongue misses the gnoll.
The gnoll hits you with a flail.
* * * LOW HITPOINT WARNING * * *
Casting: Flame Tongue
Confirm with . or Enter, or press ? or * to list all spells.
Aiming: Flame Tongue
Press: ? - help, Shift-Dir - straight line, f/p - gnoll
Aim: a gnoll, wielding a flail (severely wounded)
The flame tongue hits the gnoll.
The gnoll appears unharmed.
The gnoll is severely wounded.
The gnoll hits you with a flail.
* * * LOW HITPOINT WARNING * * *
Casting: Flame Tongue
Confirm with . or Enter, or press ? or * to list all spells.
Aiming: Flame Tongue
Press: ? - help, Shift-Dir - straight line, f/p - gnoll
Aim: a gnoll, wielding a flail (severely wounded)
You miscast Flame Tongue.
Heat runs through your body. The gnoll hits you with a flail!
You die...

#.#.###...####..(......###.#
#.#.##........%..####..# #.#
#.#.###...##.#.### #..# #.#
#)#.# ##.##.#..# #..# #.##
#.#.####.#%###.## #..# #(..
#.#.......## ##.# #..# ####
#.#..##..#.###..#####..#
#.#..#...#.(#..........#
#.#..#.....g@.......#.##
#.#..#..##.####.###.#.#
#.#..#.[##.# #.###.#.#
#.......%..# #.##....#
####.##.#### #.##..###
#.##.# #.##..# #.##.#
#.##..# ##.##.#######.##..#
##.#..............)#


You could see a gnoll.

Vanquished Creatures
  A gnoll (D:2)
  2 adders (D:2)
  A worm (D:2)
  2 giant geckos (D:1)
  4 oozes
  7 bats
  3 giant cockroaches (D:1)
  6 hobgoblins
  4 jackals (D:1)
  3 kobolds
  A ball python (D:1)
  8 goblins
  4 rats
46 creatures vanquished.

Notes
Turn   | Place    | Note
--------------------------------------------------------------
     0 | D:1      | Johnny, the Demigod Fire Elementalist, began the quest for the Orb.
     0 | D:1      | Reached XP level 1. HP: 14/14 MP: 3/3
    30 | D:1      | Reached skill level 1 in Conjurations
   211 | D:1      | Reached XP level 2. HP: 20/20 MP: 1/4
   773 | D:1      | Learned a level 2 spell: Throw Flame
  1032 | D:1      | Reached XP level 3. HP: 26/26 MP: 4/8
  1326 | D:2      | Found a glowing golden altar of the Shining One.
  2066 | D:2      | Found a shimmering altar of Xom.
  2068 | D:2      | Found an ancient bone altar of Kikubaaqudgha.
  2159 | D:2      | Found a bloodstained altar of Trog.
  2265 | D:2      | Reached skill level 1 in Armour
  2265 | D:2      | Reached XP level 4. HP: 17/33 MP: 2/11
  2301 | D:1      | Slain by a gnoll

Action                   |  1- 3 |  4- 6 || total
-------------------------+-------+-------++-------
Melee: Unarmed           |    13 |       ||    13
       Mace              |    16 |       ||    16
       Short sword       |    64 |       ||    64
 Cast: Flame Tongue      |    28 |     5 ||    33
       Throw Flame       |     8 |       ||     8
 Stab: Sleeping          |     1 |       ||     1
  Eat: Bread ration      |     1 |       ||     1
       Beef jerky        |     1 |       ||     1
       Chunk             |     1 |       ||     1
